 Dungeon Crawl Stone Soup version 0.25.1-1-g288607f5aa (webtiles) character file.

Game seed: 3645136570950067500

1257 Delamore the Basher (level 8, -2/46 HPs)
             Began as a Gargoyle Fighter on July 18, 2020.
             Slain by an orc warrior
             ... wielding a +0 battleaxe
              (13 damage)
             ... on level 8 of the Dungeon.
             The game lasted 00:04:38 (4734 turns).

Delamore the Basher (Gargoyle Fighter)              Turns: 4734, Time: 00:04:38

Health: -2/46      AC: 14    Str: 22    XL:     8   Next: 51%
Magic:  8/8        EV:  7    Int:  9    God:
Gold:   304        SH:  9    Dex:  9    Spells: 7/7 levels left

rFire    . . .     SeeInvis .   a - +0 flail
rCold    . . .     Gourm    .   c - +0 kite shield
rNeg     + . .     Faith    .   b - +0 scale mail
rPois    ∞         Spirit   .   (no helmet)
rElec    +         Reflect  .   g - +0 cloak
rCorr    .         Harm     .   h - +0 pair of gloves
MR       .....                  (no boots)
Stlth    ..........             (no amulet)
HPRegen  0.15/turn              m - ring of wizardry
MPRegen  0.11/turn              (no ring)

@: no status effects
A: negative energy resistance 1, electricity resistance, unbreathing,
petrification resistance, rot immunity, AC +5
a: no special abilities


You were on level 8 of the Dungeon.
You were not hungry.

You visited 1 branch of the dungeon, and saw 8 of its levels.

You collected 304 gold pieces.

Inventory:

Hand Weapons
 a - a +0 flail (weapon)
Missiles
 D - 44 poisoned darts
Armour
 b - a +0 scale mail (worn)
 c - a +0 kite shield (worn)
 g - a +0 cloak (worn)
 h - a +0 pair of gloves (worn)
Jewellery
 m - a ring of wizardry (left hand)
Scrolls
 e - 2 scrolls of identify
 i - 2 scrolls of remove curse {unknown}
 k - 4 scrolls of amnesia {unknown}
 l - a scroll of enchant armour {unknown}
 n - a scroll of teleportation {unknown}
 q - a scroll of magic mapping {unknown}
 s - a scroll of random uselessness {unknown}
 x - a scroll of fear
 y - a scroll of fog
 A - 2 scrolls of enchant weapon {unknown}
Potions
 d - a potion of might
 j - 3 potions of curing (quivered)
 o - 2 potions of resistance {unknown}
 p - 6 potions of degeneration
 r - a potion of flight {unknown}
 t - 2 potions of berserk rage {unknown}
 u - 2 potions of heal wounds
 v - a potion of brilliance {unknown}
 w - 2 potions of lignification
 B - a potion of stabbing {unknown}
 C - a potion of mutation {unknown}
 E - a potion of magic {unknown}
Comestibles
 f - 12 rations


   Skills:
 - Level 3.2 Fighting
 + Level 10.2 Maces & Flails
 - Level 3.2 Armour
 - Level 3.2 Shields


You had 7 spell levels left.
You didn't know any spells.
Your spell library was empty.

Dungeon Overview and Level Annotations

Branches:
Dungeon (8/15)
 Temple: D:4-7         Lair: D:8-11

Altars:
Cheibriados
Makhleb
Sif Muna
Trog
Yredelemnul

Shops:
D:7 =

Annotations:
D:6 Edmund, Eustachio, Menkaure


Innate Abilities, Weirdness & Mutations

You are resistant to torment.
Your stone body is resilient. (AC +5)
You are immune to poison.
You resist negative energy. (rN+)
You are resistant to electric shocks. (rElec)
You can survive without breathing.
You are immune to petrification.
You are immune to rotting.


Message History

The orc warrior is moderately wounded.
You hit the orc warrior but do no damage.
The orc warrior is moderately wounded.
You block the orc warrior's attack.
You sock the orc warrior!
The orc warrior is severely wounded.
The orc warrior hits you with a +0 battleaxe.
* * * LOW HITPOINT WARNING * * *
You hit the orc warrior.
The orc warrior is almost dead.
You barely miss the orc warrior.
The orc warrior is almost dead.
You block the orc warrior's attack.
Your shield and scale mail prevent you from hitting the orc warrior.
The orc warrior is almost dead.
You block the orc warrior's attack.
You closely miss the orc warrior.
The orc warrior is almost dead.
The orc warrior hits you with a +0 battleaxe!
You die...

#.#
#.#
#.#
#.#
#.#
#.#
#.#
#@#
##o##
#.{o#
#...#
#..<#
##.##
#.#
#$#
#.#


You could see an orc warrior and an orc.

Vanquished Creatures
  Grinder (D:3)
  An ogre (D:5)
  A necrophage (D:3)
  The ghost of wojtek the Cudgeler, an amateur DsGl (D:3)
  A scorpion (D:8)
  A howler monkey (D:7)
  A crimson imp (D:5)
  3 jellies (D:5)
  5 hounds
  An orc priest (D:4)
  A centaur skeleton (D:4)
  3 orc wizards
  5 worker ants
  2 hound skeletons (D:5)
  4 gnolls
  5 adders
  A howler monkey skeleton (D:4)
  An ooze (D:5)
  2 worms (D:2)
  5 leopard geckos
  13 orcs
  3 giant cockroaches
  5 hobgoblins
  12 jackals
  4 kobolds
  4 quokkas
  7 bats
  4 frilled lizards
  A giant cockroach zombie (D:5)
  4 goblins
  3 rats
105 creatures vanquished.

Notes
Turn   | Place    | Note
-------+----------+-------------------------------------------
     0 | D:1      | Delamore the Gargoyle Fighter began the quest for the Orb.
     0 | D:1      | Reached XP level 1. HP: 14/14 MP: 1/1
   301 | D:1      | Reached XP level 2. HP: 16/19 MP: 2/2
   317 | D:1      | Reached skill level 3 in Maces & Flails
   820 | D:2      | Reached XP level 3. HP: 22/23 MP: 3/3
  1071 | D:2      | Found a faded altar of an unknown god.
  1091 | D:2      | Reached skill level 4 in Maces & Flails
  1240 | D:2      | Reached XP level 4. HP: 28/28 MP: 4/4
  1490 | D:3      | Noticed a necrophage
  1499 | D:3      | Killed a necrophage
  1499 | D:3      | Reached skill level 5 in Maces & Flails
  1499 | D:3      | Reached XP level 5. HP: 32/32 MP: 5/5
  1515 | D:3      | Found a runed translucent door.
  1554 | D:3      | Noticed wojtek's ghost (amateur DsGl)
  1568 | D:3      | Killed wojtek's ghost
  1568 | D:3      | Reached skill level 6 in Maces & Flails
  1568 | D:3      | Reached XP level 6. HP: 25/37 MP: 6/6
  1808 | D:3      | Noticed Grinder
  1944 | D:4      | Reached skill level 7 in Maces & Flails
  2207 | D:3      | Paralysed by Grinder for 4 turns
  2219 | D:3      | Paralysed by Grinder for 5 turns
  2226 | D:3      | Killed Grinder
  2226 | D:3      | Reached skill level 8 in Maces & Flails
  2226 | D:3      | Reached XP level 7. HP: 20/41 MP: 7/7
  3399 | D:5      | Entered Level 5 of the Dungeon
  3492 | D:5      | Reached skill level 9 in Maces & Flails
  3492 | D:5      | Reached XP level 8. HP: 41/46 MP: 8/8
  3542 | D:5      | Found a bloodstained altar of Trog.
  3795 | D:5      | Found a snail-covered altar of Cheibriados.
  3900 | D:5      | Found a burning altar of Makhleb.
  4319 | D:6      | Found a basalt altar of Yredelemnul.
  4319 | D:6      | Noticed Menkaure
  4325 | D:6      | Noticed Edmund
  4326 | D:6      | Noticed a wyvern
  4342 | D:6      | Noticed Eustachio
  4355 | D:7      | Found a shimmering blue altar of Sif Muna.
  4361 | D:7      | Reached skill level 10 in Maces & Flails
  4380 | D:7      | Found Joonell's Jewellery Shop.
  4734 | D:8      | Slain by an orc warrior

Illustrated notes

Levels and vault maps discovered:
D:1:      minmay_arrival_glassed_features, layout_loops_ring
D:2:      layout_rooms, chequers_ecumenical_altar_twisty
D:3:      layout_basic, first_ration, ebering_ghost_reflecting_pool,
          uniq_grinder
D:4:      layout_rooms
D:5:      layout_rooms, nicolae_overflow_hidden_temple, lemuel_doored_altar,
          lightli_temple_of_fire, cheibriados_altar_1
D:6:      layout_rooms, nicolae_overflow_crystal_walls, grunt_dithmenos_shadows,
          basic_altar, ebering_ghost_reflecting_pool, serial_shops, shop,
          uniq_eustachio, uniq_edmund, uniq_menkaure
D:7:      layout_cave_pools, lemuel_crystal_altar, marbit_many_paths,
          minmay_temple_entry_nine_rooms, serial_shops, nicolae_shop_crystal,
          shop_coins, kennysheep_little_box, nicolae_shop_trees,
          grunt_livestock, minmay_misc_feat_diagonals, minmay_misc_feat_roman,
          hangedman_abyss_or_decor_passed
D:8:      layout_loops_ring, vehumet_altar_wand_db, cheibrodos_ashenzari_chains,
          serial_shops, shop, nicolae_shop_window_shopping, shop,
          nicolae_shop_statue_plus, nicolae_shop_stone, trog_hazing_becter

Skill      XL: |  1  2  3  4  5  6  7  8 |
---------------+-------------------------+-----
Maces & Flails | 3 4 5 6 8 9 10 | 10.2
Fighting       | |  3.2
Armour         | |  3.2
Shields        | |  3.2

Action                   |  1- 3 |  4- 6 |  7- 9 || total
-------------------------+-------+-------+-------++-------
Melee: Flail             |   118 |   163 |   239 ||   520
  Use: Potion            |       |     1 |       ||     1
       Scroll            |       |       |     5 ||     5
  Eat: Chunk             |     1 |     2 |    10 ||    13
Armor: Scale mail        |   109 |   104 |   239 ||   452
Dodge: Dodged            |    63 |    70 |   109 ||   242
Block: Kite shield       |    94 |    75 |   174 ||   343
